 Dungeon Crawl Stone Soup version 0.32-a0-163-g159c032296 (webtiles) character file.

Game seed: 10023692473766947498

371 Zoronius the Chopper (level 6, -6/87 HPs)
             Began as a Naga Berserker on Feb 11, 2024.
             Was a Priest of Trog.
             Mangled by an ogre
             ... wielding a +0 giant spiked club
              (12 damage)
             ... on level 4 of the Dungeon.
             The game lasted 00:08:12 (3456 turns).

Zoronius the Chopper (Naga Berserker)               Turns: 3456, Time: 00:08:12

Health: -6/87      AC: 10    Str: 28    XL:     6   Next: 70%
Magic:  6/6        EV:  7    Int:  9    God:    Trog [***...]
Gold:   246        SH:  0    Dex: 10    Spells: 5/5 levels left

rFire   . . .        a - +0 hand axe
rCold   . . .        (no shield)
rNeg    + . .        n - +3 chain mail
rPois   +            (no helmet)
rElec   +            (no cloak)
rCorr   .            (no gloves)
SInv    +            (no barding)
Will    ++...        (no amulet) Stlth
                     d - ring "Nuwal" {rElec Str+6 Int+2 Slay+3}
HPRegen 1.34/turn    j - ring of positive energy
MPRegen 0.10/turn

%: no passive effects
@: berserking, strong-willed, regenerating, quick
A: AC +2, large, see invisible, deformed body, poison resistance, slowness 2,
spit poison 1, naga tail 1
a: Spit Poison, Renounce Religion, Berserk, Trog's Hand


You were on level 4 of the Dungeon.
You worshipped Trog.
Trog was most pleased with you.
You visited 1 branch of the dungeon, and saw 4 of its levels.

You collected 246 gold pieces.

Inventory:

Hand Weapons
 a - a +0 hand axe (weapon)
Armour
 n - a +3 chain mail (worn)
Jewellery
 d - the ring "Nuwal" (left hand) {rElec Str+6 Int+2 Slay+3}
   (You found it on level 2 of the Dungeon)

   [ring of strength]

   Str+6:     It affects your strength (+6).
   Int+2:     It affects your intelligence (+2).
   Slay+3:    It affects your accuracy & damage with ranged weapons and melee
   (+3).
   rElec:     It insulates you from electricity.
 e - a ring of ice
 j - a ring of positive energy (right hand)
Scrolls
 c - 3 scrolls of identify {unknown}
 h - a scroll of immolation {unknown}
 i - a scroll of enchant weapon {unknown}
 l - a scroll of revelation {unknown}
 o - a scroll of summoning {unknown}
 p - a scroll of vulnerability {unknown}
Potions
 b - a potion of magic {unknown}
 f - a potion of resistance {unknown}
 g - 3 potions of heal wounds {unknown}
 k - a potion of cancellation {unknown}
 m - a potion of degeneration {unknown}


   Skills:
 + Level 4.4 Fighting
 + Level 4.6 Axes
 + Level 3.0 Armour
 + Level 3.0 Dodging


You had 5 spell levels left.
You didn't know any spells.
Your spell library was empty.

Dungeon Overview and Level Annotations

Branches:
Dungeon (4/15)
 Temple: D:4-7

Altars:
Ashenzari
Ru
Uskayaw

Shops:
D:4 :


Innate Abilities, Weirdness & Mutations

Your serpentine skin is tough. (AC +2)
You have supernaturally acute eyesight. (SInv)
Armour fits poorly on your strangely shaped body.
Your system is resistant to poisons. (rPois)
You cover ground very slowly.
You can spit poison.
You have a snake-like lower body.


Message History

You slash the orc!
You kill the orc!
Trog accepts your kill.
Things that are here:
a +0 whip; an orc corpse An ogre comes into view.
It is wielding a +0 giant spiked club.
The ogre shouts!
A kobold comes into view. It is wielding a +0 club.
The kobold shouts!
You hit the ogre.
The ogre is lightly wounded.
The ogre hits you with a +0 giant spiked club!!
Your skin crawls.
You feel strong-willed.
A red film seems to cover your vision as you go berserk!
You feel yourself moving faster!
You feel mighty!
The ogre hits you with a +0 giant spiked club!!
You slash the ogre!
The ogre is moderately wounded.
The ogre hits you with a +0 giant spiked club!
* * * LOW HITPOINT WARNING * * *
You closely miss the ogre.
The ogre is moderately wounded.
You closely miss the ogre.
The ogre is moderately wounded.
You slash the ogre!
The ogre is severely wounded.
You barely miss the kobold.
The ogre hits you with a +0 giant spiked club!
* * * LOW HITPOINT WARNING * * *
The kobold hits you but does no damage.
You barely miss the ogre.
The ogre is severely wounded.
You slash the kobold!
You kill the kobold!
Trog accepts your kill.
You hit the ogre.
The ogre is almost dead.
The ogre hits you with a +0 giant spiked club!
You die...

.........#
..............##
...............##
................#
................##
.................#
.................#
#.....).......)..#
#....O@......##.##
#..........####..##
##.^....#### #...##
#...#### #....#
#### ####...##
####......#
###........##
###.........##
##..........##


You could see an ogre.

Vanquished Creatures
  Blork the orc (D:4)
  2 orc priests
  Jessica (D:3)
  An orc wizard (D:2)
  A sleepcap (D:4)
  4 gnolls (D:3)
  3 adders
  A ribbon worm (D:3)
  7 dart slugs (D:1)
  8 orcs
  10 endoplasms
  A giant cockroach (D:3)
  6 goblins
  9 hobgoblins
  7 quokkas
  5 ball pythons
  2 bats
  5 frilled lizards
  5 kobolds
  6 rats
85 creatures vanquished.

Notes
Turn   | Place    | Note
-------+----------+-------------------------------------------
     0 | D:1      | Zoronius the Naga Berserker began the quest for the Orb.
     0 | D:1      | Reached XP level 1. HP: 21/21 MP: 1/1
   116 | D:1      | Reached XP level 2. HP: 25/28 MP: 2/2
   503 | D:1      | Reached XP level 3. HP: 34/34 MP: 3/3
  1278 | D:1      | Reached ** piety under Trog
  1718 | D:2      | Identified the ring "Nuwal" {rElec Str+6 Int+2 Slay+3}
  1746 | D:2      | Found a hide-covered altar of Uskayaw.
  1798 | D:2      | Reached XP level 4. HP: 36/42 MP: 4/4
  1834 | D:2      | Reached XP level 5. HP: 50/50 MP: 5/5
  2232 | D:3      | Noticed Jessica
  2237 | D:3      | Killed Jessica
  2273 | D:3      | Found the +3 giant club "Skullcrusher" {speed, Str+7}
  2499 | D:3      | Reached XP level 6. HP: 57/57 MP: 6/6
  2746 | D:3      | Found a sacrificial altar of Ru.
  2777 | D:3      | Reached *** piety under Trog
  2951 | D:3      | Found a broken altar of Ashenzari.
  2996 | D:4      | Noticed Blork the orc
  3011 | D:4      | Killed Blork the orc
  3236 | D:4      | Found Qaunoa's Vocational Training.
  3454 | D:4      | HP: 4/87 [ogre/+0 giant spiked club (16)]
  3456 | D:4      | Mangled by an ogre

Illustrated notes

Levels and vault maps discovered:
D:1:      dpeg_arrival_yet_another_circle, layout_basic
D:2:      layout_basic, basic_altar, kennysheep_flooded_box
D:3:      layout_loops_ring, mainiacjoe_overflow_alcove_4,
          nicolae_ru_sacrificial_ziggurat, uniq_jessica
D:4:      layout_cave_pods, nicolae_shop_vocational, uniq_blork_the_orc

Skill      XL: |  1  2  3  4  5  6 |
---------------+-------------------+-----
Dodging        | 2 3 |  3.0
Armour         | 2 3 |  3.0
Axes           | 4 |  4.6
Fighting       | 4 |  4.4

Action                     |  1- 3 |  4- 6 || total
---------------------------+-------+-------++-------
  Melee: Hand axe          |   145 |   121 ||   266
         Punch             |       |     1 ||     1
 Invoke: Trog's Hand       |       |     3 ||     3
         Berserk           |       |     2 ||     2
 Armour: Animal skin       |     6 |       ||     6
         Ring mail         |    77 |       ||    77
         Scale mail        |     9 |    31 ||    40
         Chain mail        |       |    85 ||    85
  Dodge: Dodged            |    67 |    43 ||   110

Table legend: (Time is in decaauts)
 A = Elapsed time spent in this place.
 B = Non-inter-level travel time spent in this place.
 C = Inter-level travel time spent in this place.
 D = Time resting spent in this place.
 E = Time spent auto-exploring this place.
 F = Levels seen in this place.
 G = Mean time per level.
                   A        B        C        D        E       F      G
               +--------+--------+--------+--------+--------+-----+--------+
         Total |   4486 |   4362 |    124 |      1 |   3503 |   4 | 1121.5 |
       Dungeon |   4486 |   4362 |    124 |      1 |   3503 |   4 | 1121.5 |
               +--------+--------+--------+--------+--------+-----+--------+

Top non-repeatable levels by time:
     D:1: 1959 daAuts
     D:3: 1169 daAuts
     D:2: 775 daAuts
     D:4: 583 daAuts
